 Dungeon Crawl Stone Soup version 0.29.0-4-gdea44cf6ec (webtiles) character file.

Game seed: 7931589584798137336

37 qw the Chopper (level 3, -7/29 HPs)
             Began as a Barachi Chaos Knight on Sept 4, 2022.
             Mangled by a flying skull (9 damage)
             ... on level 1 of the Abyss.
             The game lasted 00:00:50 (1815 turns).

qw the Chopper (Barachi Chaos Knight)               Turns: 1815, Time: 00:00:50

Health: -7/29      AC: 12    Str: 15    XL:     3   Next: 39%
Magic:  3/3        EV:  4    Int: 12    God:
Gold:   100        SH:  0    Dex: 11    Spells: 2/2 levels left

rFire   . . .      SeeInvis .   Y - +4 hand axe (chaos)
rCold   . . .      Faith    .   (no shield)
rNeg    . . .      Spirit   .   d - +0 plate armour
rPois   .          Reflect  .   (no helmet)
rElec   .          Harm     .   i - +0 cloak
rCorr   .          Rampage  .   (no gloves)
Will    .....                   (no boots)
Stlth   ..........              (no amulet)
HPRegen 0.09/turn               (no ring)
MPRegen 0.08/turn               (no ring)

@: about to teleport, slow
A: amphibious, slowness 1, strong legs 1, +LOS
a: Hop


You were on level 1 of the Abyss.
You visited 1 branch of the dungeon, and saw 2 of its levels.
You visited the Abyss 1 time.

You collected 100 gold pieces.


Innate Abilities, Weirdness & Mutations

You are amphibious.
You cover ground slowly.
You can hop short distances.
You have an extended range of vision and can be seen from far away.


   Skills:
 - Level 3.6 Fighting
 + Level 4.8 Axes
 - Level 2.4 Armour
 - Level 1.1 Dodging


You had 2 spell levels left.
You didn't know any spells.
Your spell library was empty.

Inventory:

Hand Weapons
 j - a +0 club
 Y - a +4 hand axe of chaos (weapon)
Armour
 d - a +0 plate armour (worn)
 i - a +0 cloak (worn)
Scrolls
 b - a scroll of identify
 h - a scroll of teleportation
Potions
 a - a potion of haste {unknown}
 e - a potion of degeneration {unknown}
Miscellaneous
 c - a piece from Xom's chessboard (15/15)

Dungeon Overview and Level Annotations

Branches:
Dungeon (2/15)

Altars:


Message History

You finish putting on your +0 cloak.
1777 ||| READING scroll labelled TISTOC KUJO.
As you read the scroll labelled TISTOC KUJO, it crumbles to dust.
You hear the tinkle of a tiny bell.
It was a scroll of butterflies.
Your butterfly disappears in a burst of colours!
Your butterfly disappears in a burst of colours!
Your butterfly disappears in a burst of colours!
A flying skull comes into view.
Your butterfly disappears in a burst of colours!
A flying skull comes into view.
Your butterfly disappears in a burst of colours!
The flying skull hits you but does no damage.
You hit the flying skull.
The flying skull is lightly damaged.
Your butterfly disappears in a burst of colours!
The flying skull hits you.
A flying skull comes into view.
The flying skull hits you but does no damage.
You hit the flying skull but do no damage.
The flying skull flickers and vanishes!
Deactivating autopickup; reactivate with Ctrl-A.
Your butterfly disappears in a burst of colours!
Something hits you.
You closely miss something. Something hits you.
Something hits you but does no damage.
You miss something.
Your butterfly disappears in a burst of colours!
Something hits you but does no damage. x2
You miss something. Something hits you!
You barely miss something. Something hits you but does no damage.
Something hits you.
You hit something but do no damage. Something hits you!
1815 ||| READING 2 scrolls of teleportation.
As you read the scroll of teleportation, it crumbles to dust.
You feel strangely unstable.
You feel the power of the Abyss delaying your translocation!
Something hits you but does no damage. Something hits you!
You die...

# # #.## ##.#. ###
... ..#...
#.#.#..#####z.#.#
.#...b....@{##...
........[....b...#
...#..######..##.#
.#.. .#.##.# ..#
#.#..# ....# ....
.## .


You could see a flying skull.

Vanquished Creatures
  A worm (D:2)
  A ball python (D:1)
  2 endoplasms
  A goblin (D:1)
  2 hobgoblins (D:1)
  10 jackals
  3 quokkas (D:1)
  A bat (D:2)
  A frilled lizard (D:2)
  4 kobolds
  3 rats (D:1)
29 creatures vanquished.

Vanquished Creatures (others)
  A frilled lizard zombie (D:2)
  10 plants (D:2)
11 creatures vanquished.

Grand Total: 40 creatures vanquished

Notes
Turn   | Place    | Note
-------+----------+-------------------------------------------
     0 | D:1      | qw the Barachi Chaos Knight began the quest for the Orb.
     0 | D:1      | Reached XP level 1. HP: 18/18 MP: 1/1
     0 | D:1      | 0 ||| qw: Version: 0.1-a-103-gd6f5d3a
     0 | D:1      | 0 ||| qw: Game counter: 5667
     0 | D:1      | 0 ||| qw: Always use a shield: true
     0 | D:1      | 0 ||| qw: God list: Okawaru
     0 | D:1      | 0 ||| qw: Allow faded altars: false
     0 | D:1      | 0 ||| qw: Do Orc after D:15 true
     0 | D:1      | 0 ||| qw: Do second Lair branch before Depths: true
     0 | D:1      | 0 ||| qw: Lair rune preference: random
     0 | D:1      | 0 ||| qw: Plans: Normal
     0 | D:1      | 0 ||| PLANNING D:1-11
     0 | D:1      | Fell from the grace of Xom
   241 | D:1      | XOM: god gift: 5 stones
   513 | D:1      | Reached XP level 2. HP: 20/24 MP: 2/2
   564 | D:1      | 564 ||| Stepping ~*~*~tactically~*~*~ (stealth).
   566 | D:1      | 566 ||| Stepping ~*~*~tactically~*~*~ (stealth).
   570 | D:1      | 570 ||| Stepping ~*~*~tactically~*~*~ (stealth).
   575 | D:1      | Reached skill level 4 in Axes
  1144 | D:1      | 1144 ||| UPGRADING to +0 ring mail.
  1154 | D:1      | 1154 ||| DROPPING +2 leather armour.
  1155 | D:1      | 1155 ||| READING 4 scrolls labelled HEWOQOI ITOARR.
  1156 | D:1      | 1156 ||| READING 3 scrolls of enchant weapon.
  1156 | D:1      | 1156 ||| ENCHANTING +1 hand axe of chaos.
  1157 | D:1      | 1157 ||| READING 2 scrolls of enchant weapon.
  1157 | D:1      | 1157 ||| ENCHANTING +2 hand axe of chaos.
  1158 | D:1      | 1158 ||| READING scroll of enchant weapon.
  1158 | D:1      | 1158 ||| ENCHANTING +3 hand axe of chaos.
  1159 | D:1      | 1159 ||| READING scroll labelled DUQUEGHEJUL.
  1160 | D:1      | 1160 ||| READING 2 scrolls labelled LINIGRIWAI.
  1163 | D:1      | 1163 ||| READING scroll labelled KETICAC IGRES.
  1164 | D:1      | 1164 ||| READING scroll labelled XAUSOE ZOOHIU.
  1165 | D:1      | 1165 ||| READING scroll labelled ZUTUIS IJENNICK.
  1177 | D:2      | XOM: noise
  1183 | D:2      | 1183 ||| Stepping ~*~*~tactically~*~*~ (stealth).
  1208 | D:2      | 1208 ||| Stepping ~*~*~tactically~*~*~ (stealth).
  1243 | D:2      | 1243 ||| FLEEEEING.
  1252 | D:2      | 1252 ||| STAIRDANCE
  1359 | D:2      | 1359 ||| Stepping ~*~*~tactically~*~*~ (stealth).
  1360 | D:2      | 1360 ||| Stepping ~*~*~tactically~*~*~ (stealth).
  1368 | D:2      | Reached XP level 3. HP: 29/29 MP: 3/3
  1368 | D:2      | 1368 ||| Stepping ~*~*~tactically~*~*~ (stealth).
  1369 | D:2      | 1369 ||| Stepping ~*~*~tactically~*~*~ (stealth).
  1375 | D:2      | 1375 ||| Stepping ~*~*~tactically~*~*~ (stealth).
  1463 | D:2      | 1463 ||| Stepping ~*~*~tactically~*~*~ (stealth).
  1501 | D:2      | 1501 ||| Stepping ~*~*~tactically~*~*~ (stealth).
  1760 | Abyss:1  | Cast into level 1 of the Abyss (Xom)
  1761 | Abyss:1  | 1761 ||| UPGRADING to +0 plate armour.
  1771 | Abyss:1  | 1771 ||| DROPPING +0 ring mail.
  1772 | Abyss:1  | 1772 ||| UPGRADING to +0 cloak.
  1777 | Abyss:1  | 1777 ||| READING scroll labelled TISTOC KUJO.
  1805 | Abyss:1  | Noticed a flying skull
  1807 | Abyss:1  | Noticed a flying skull
  1808 | Abyss:1  | Noticed a flying skull
  1814 | Abyss:1  | HP: 2/29 [something (9)]
  1815 | Abyss:1  | 1815 ||| READING 2 scrolls of teleportation.
  1815 | Abyss:1  | Mangled by a flying skull

Levels and vault maps discovered:
D:1:      ncdulo_wetmaze, layout_basic
D:2:      layout_basic, chequers_ecumenical_altar_lobes, serial_bayou,
          serial_bayou_pond_d, serial_bayou_lagoon_a, serial_bayou_shore_a,
          serial_bayou_ford_a
Abyss:1:  base:
Temple

Skill      XL: |  1  2 |
---------------+-------+-----
Axes           | 4 |  4.8
Fighting       | |  3.6
Armour         | |  2.4
Dodging        | |  1.1

Action                   || total
-------------------------++-------
Melee: Hand axe          ||    86
Invok: Renounce Religion ||     1
  Use: Scroll            ||    11
 Stab: Paralysed         ||     2
Armor: Leather armour    ||     9
       Ring mail         ||     7
       Plate armour      ||     7
Dodge: Dodged            ||    39

Table legend:
 A = Non-vault XP
 B = Vault XP
 C = Vault XP percentage of total XP
 D = Non-vault monster count
 E = Vault monster count
 F = Vault count percentage of total count
                 A         B        C        D         E       F
            +---------+---------+-------+---------+---------+-------
      Total |      53 |       0 |   0.0 |      29 |       0 |   0.0
            +---------+---------+-------+---------+---------+-------
        D:1 |      25 |       0 |   0.0 |      15 |       0 |   0.0
        D:2 |      28 |       0 |   0.0 |      14 |       0 |   0.0
            +---------+---------+-------+---------+---------+-------
